 Dungeon Crawl Stone Soup version 0.26-a0-964-g69f9a3b9e2 (webtiles) character file.

Game seed: 18075050419129535685

1866 siradein the Carver (level 8, -8/64 HPs)
             Began as a Minotaur Abyssal Knight on Dec 3, 2020.
             Was an Elder of Lugonu.
             Mangled by an ogre
             ... wielding a +0 giant club
              (26 damage)
             ... on level 7 of the Dungeon.
             The game lasted 00:25:08 (7547 turns).

siradein the Carver (Minotaur Abyssal Knight)       Turns: 7547, Time: 00:25:08

Health: -8/64      AC:  3    Str: 17    XL:     8   Next: 90%
Magic:  8/8        EV: 11    Int: 12    God:    Lugonu [****..]
Gold:   350        SH:  4    Dex: 17    Spells: 7/7 levels left

rFire    . . .     SeeInvis .   a - +2 falchion
rCold    . . .     Faith    .   h - +0 buckler
rNeg     . . .     Spirit   .   s - +0 leather armour of Vlad {Rampage rElec Int-3 Dex+5}
rPois    .         Reflect  .   (helmet restricted)
rElec    +         Harm     .   (no cloak)
rCorr    .         Rampage  +   (no gloves)
MR       .....                  (no boots)
Stlth    +.........             d - amulet of magic regeneration
HPRegen  0.20/turn              w - +6 ring of intelligence
MPRegen  0.36/turn              (no ring)

@: no status effects
A: retaliatory headbutt, horns 2
a: Depart the Abyss, Bend Space, Banish, Corrupt, Renounce Religion


You were on level 7 of the Dungeon.
You worshipped Lugonu.
Lugonu was greatly pleased with you.
You visited 1 branch of the dungeon, and saw 7 of its levels.
You visited the Abyss 1 time.

You collected 350 gold pieces.

Inventory:

Hand Weapons
 a - a +2 falchion (weapon)
Armour
 h - a +0 buckler (worn)
 s - the +0 leather armour of Vlad (worn) {Rampage rElec Int-3 Dex+5}
   (You found it on level 6 of the Dungeon)

   It affects your intelligence (-3).
   It affects your dexterity (+5).
   It insulates you from electricity.
   It bestows one free step when moving towards enemies.
Jewellery
 d - an amulet of magic regeneration (around neck)
 w - a +6 ring of intelligence (left hand)
Wands
 c - a wand of enslavement (11)
 g - a wand of flame (33)
Scrolls
 b - 5 scrolls of remove curse
 i - a scroll of enchant weapon
 j - 5 scrolls of teleportation {unknown}
 k - a scroll of fear {unknown}
 l - 2 scrolls of magic mapping {unknown}
 m - a scroll of identify
 t - a scroll of blinking {unknown}
 x - a scroll of holy word {unknown}
Potions
 e - a potion of might
 f - a potion of flight
 n - a potion of heal wounds {unknown}
 o - a potion of brilliance {unknown}
 p - 2 potions of mutation {unknown}
 q - a potion of cancellation {unknown}
 r - a potion of resistance {unknown}
 u - a potion of lignification {unknown}
 v - a potion of degeneration {unknown}


   Skills:
 - Level 3.6 Fighting
 + Level 13.4 Long Blades
 - Level 2.4 Armour
 - Level 1.1 Dodging
 - Level 1.7 Invocations


You had 7 spell levels left.
You didn't know any spells.
Your spell library was empty.

Dungeon Overview and Level Annotations

Branches:
Dungeon (7/15)             Temple (0/1) D:7

Altars:
Ashenzari
Gozag
Okawaru
Uskayaw
Xom
The Shining One

Annotations:
D:6 Dowan, Sigmund


Innate Abilities, Weirdness & Mutations

You reflexively headbutt those who attack you in melee.
You have a pair of horns on your head.


Message History

There is a stone staircase leading down here.
You hear a shout!
The orc barely misses you.
Sigmund points at you and mumbles some strange words.
You are confused.
The bullfrog completely misses you. The ogre hits you with a +0 giant club!
You climb downwards.
There is a stone staircase leading up here.
You're too confused to move!
The orc hits you with a +0 club.
You bump into the rock wall.
The orc hits you with a +0 club.
You closely miss the orc. Your headbutt misses the orc.
The orc hits you with a +0 club.
The ogre hits you with a +0 giant club!!
* * * LOW HITPOINT WARNING * * *
The orc hits you with a +0 club.
* * * LOW HITPOINT WARNING * * *
The ogre barely misses you.
You feel less confused.
The ogre hits you with a +0 giant club!!
You die...

............###.#.........# #
............# #.#####.....#######
##...##########.# #.....##.....
#...# #######..# ########.#.##
##...###.......## #.#.##
#.....##.#####.######## #.#...
.#...#.#.#####.##.....# #.#..#
##..........##.##....<#### #.#..#
.#...#.#.#......@O.......###.....
#.##...#.#..##...o....###.#####.#
....###...............# #.......#
###.# #.......#..####.###.#######
#.###.##..#.#..#####...##
#.........#.#........###
#.######......######## #.#
####.### #.# #####.#


You could see an ogre and an orc.

Vanquished Creatures
  Pikel (D:5)
  A water moccasin (D:7)
  An orc warrior (D:7)
  A phantom (D:4)
  A black bear (D:7)
  A scorpion (D:7)
  3 killer bees (D:7)
  2 howler monkeys
  An orc priest (D:6)
  6 orc wizards
  Jessica (D:3)
  Ijyb (D:5)
  7 worker ants
  A hound skeleton (D:4)
  Robin (D:4)
  7 gnolls
  A howler monkey skeleton (D:5)
  8 adders
  A shadow imp (D:5)
  A white imp (D:5)
  4 ufetubi
  3 worms
  2 dart slugs
  4 leopard geckos
  11 orcs
  A ball python (D:2)
  2 giant cockroaches
  15 goblins
  11 hobgoblins
  9 jackals
  2 quokkas
  7 bats
  6 frilled lizards
  A jackal zombie (D:7)
  7 kobolds
  3 quokka skeletons (D:4)
  5 rats
140 creatures vanquished.

Vanquished Creatures (others)
  3 plants (D:6)
3 creatures vanquished.

Grand Total: 143 creatures vanquished

Notes
Turn   | Place    | Note
-------+----------+-------------------------------------------
     0 | Abyss:1  | siradein the Minotaur Abyssal Knight began the quest for
                  | the Orb.
     0 | Abyss:1  | Reached XP level 1. HP: 19/19 MP: 1/1
    11 | Abyss:1  | Found a corrupted altar of Lugonu.
    47 | D:1      | Escaped the Abyss
   129 | D:1      | Reached skill level 3 in Long Blades
   172 | D:1      | Reached XP level 2. HP: 26/26 MP: 2/2
   253 | D:1      | Reached skill level 4 in Long Blades
   409 | D:1      | Reached XP level 3. HP: 21/31 MP: 3/3
   578 | D:1      | Reached ** piety under Lugonu
  1116 | D:2      | Reached skill level 5 in Long Blades
  1568 | D:3      | Reached XP level 4. HP: 39/39 MP: 4/4
  2260 | D:3      | Reached skill level 6 in Long Blades
  2274 | D:3      | Reached XP level 5. HP: 38/45 MP: 5/5
  2403 | D:3      | Found a shimmering altar of Xom.
  2407 | D:3      | Found an iron altar of Okawaru.
  2411 | D:3      | Found a glowing golden altar of the Shining One.
  2417 | D:3      | Found a hide-covered altar of Uskayaw.
  2485 | D:3      | Noticed Jessica
  2488 | D:3      | Killed Jessica
  2648 | D:4      | Reached *** piety under Lugonu
  2662 | D:4      | Reached skill level 7 in Long Blades
  3073 | D:3      | Reached XP level 6. HP: 43/51 MP: 6/6
  3216 | D:4      | Reached skill level 8 in Long Blades
  3321 | D:4      | Noticed Robin
  3334 | D:4      | Killed Robin
  3535 | D:4      | Found an opulent altar of Gozag.
  3732 | D:4      | Reached skill level 9 in Long Blades
  3982 | D:5      | Entered Level 5 of the Dungeon
  4023 | D:5      | Reached XP level 7. HP: 55/57 MP: 7/7
  4289 | D:5      | Noticed Pikel
  4323 | D:5      | Killed Pikel
  4324 | D:5      | Reached skill level 11 in Long Blades
  4324 | D:5      | Reached XP level 8. HP: 10/64 MP: 8/8
  4647 | D:5      | Noticed Ijyb
  4665 | D:5      | Killed Ijyb
  4826 | D:5      | Reached **** piety under Lugonu
  4912 | D:5      | Got a glimmering buckler
  4913 | D:5      | Identified the cursed -3 buckler "Ulan Toi" {rPois rC++
                  | Str-2 Int+3} (You found it on level 5 of the Dungeon)
  5180 | D:6      | Got a smelly leather armour
  5181 | D:6      | Identified the +0 leather armour of Vlad {Rampage rElec
                  | Int-3 Dex+5} (You found it on level 6 of the Dungeon)
  5220 | D:6      | Noticed Dowan
  5220 | D:6      | Noticed a two-headed ogre
  5312 | D:6      | Noticed Sigmund
  5697 | D:7      | Reached skill level 12 in Long Blades
  6778 | D:7      | Reached skill level 13 in Long Blades
  7234 | D:7      | Found a staircase to the Ecumenical Temple.
  7376 | D:7      | Found a broken altar of Ashenzari.
  7547 | D:7      | Mangled by an ogre

Illustrated notes

Levels and vault maps discovered:
D:1:      minmay_arrival_wavy_path, layout_basic
D:2:      layout_rooms
D:3:      layout_basic, minitemple, uniq_jessica
D:4:      layout_rooms, grunt_gozag_breadcrumbs, uniq_robin
D:5:      layout_gridville, uniq_ijyb, uniq_pikel
D:6:      corexii_shack_village, layout_cave_pools, uniq_sigmund, uniq_menkaure,
          uniq_duvessa
D:7:      layout_loops_cross, minmay_temple_entry_water_ring,
          eino_small_chamber_without_monster, ashenzari_altar_1

Skill      XL: |  1  2  3  4  5  6  7  8 |
---------------+-------------------------+-----
Long Blades    | 3 4 5 6 7 9 11 13 | 13.4
Fighting       | |  3.6
Armour         | |  2.4
Dodging        | |  1.1
Invocations    | |  1.7

Action                   |  1- 3 |  4- 6 |  7- 9 || total
-------------------------+-------+-------+-------++-------
Melee: Falchion          |    80 |   142 |   185 ||   407
       Headbutt          |     8 |    17 |    37 ||    62
  Use: Scroll            |       |     5 |     2 ||     7
       Potion            |       |       |     1 ||     1
Armor: Leather armour    |    18 |    21 |    14 ||    53
       Scale mail        |       |     5 |    22 ||    27
       Plate armour      |       |       |     3 ||     3
Dodge: Dodged            |    44 |    54 |    80 ||   178
Block: Buckler           |     2 |    14 |    23 ||    39
       Rpst.: Falchion   |    10 |    13 |    21 ||    44

Table legend: (Time is in decaauts)
 A = Elapsed time spent in this place.
 B = Non-inter-level travel time spent in this place.
 C = Inter-level travel time spent in this place.
 D = Time resting spent in this place.
 E = Time spent auto-exploring this place.
 F = Levels seen in this place.
 G = Mean time per level.
                   A        B        C        D        E       F      G
               +--------+--------+--------+--------+--------+-----+--------+
         Total |   7516 |   7451 |     65 |    856 |   5454 |   8 |  939.5 |
       Dungeon |   7469 |   7404 |     65 |    856 |   5454 |   7 | 1067.0 |
         Abyss |     47 |     47 |      0 |      0 |      0 |   1 |   47.0 |
               +--------+--------+--------+--------+--------+-----+--------+

Top non-repeatable levels by time:
     D:7: 1849 daAuts
     D:3: 1458 daAuts
     D:5: 1439 daAuts
     D:4: 968 daAuts
     D:1: 875 daAuts
     D:2: 643 daAuts
     D:6: 233 daAuts
 Abyss:1: 47 daAuts
